 Dungeon Crawl Stone Soup version 0.19.0-2-gae57169 (webtiles) character file.

162 Mesmaeker13 the Caller (level 5, -5/35 HPs)
             Began as a Merfolk Summoner on Nov 3, 2016.
             Slain by Grinder (9 damage)
             ... on level 3 of the Dungeon.
             The game lasted 00:08:38 (2898 turns).

Mesmaeker13 the Caller (Merfolk Summoner)           Turns: 2898, Time: 00:08:39

Health: -5/35      AC:  3    Str: 10    XL:     5   Next: 43%
Magic:  7/10       EV: 13    Int: 14    God:
Gold:   211        SH:  0    Dex: 14    Spells: 3 memorised, 5 levels left

rFire  . . .     SeeInvis +     m - +1 short sword (freeze)
rCold  . . .     Gourm    .     a - +1 robe
rNeg   . . .     Faith    .     (no shield)
rPois  .         Spirit   .     (no helmet)
rElec  .         Reflect  .     (no cloak)
rCorr  .         Harm     .     (no gloves)
MR     .....                    (no boots)
Stlth  ++........               g - amulet of rage
                                p - ring of see invisible
                                i - ring of wizardry

@: no status effects
A: change form in water, swift swim, stealthy swim
a: Evoke Berserk Rage


You were on level 3 of the Dungeon.
You were not hungry.

You visited 1 branch of the dungeon, and saw 3 of its levels.

You collected 211 gold pieces.

Inventory:

Hand Weapons
 h - a cursed -3 dagger
 m - a +1 short sword of freezing (weapon)
Missiles
 t - 25 poisoned needles
Armour
 a - a +1 robe (worn)
 r - a +0 leather armour
Jewellery
 g - an amulet of rage (around neck)
 i - a ring of wizardry (left hand)
 p - a ring of see invisible (right hand)
Scrolls
 e - a scroll of magic mapping {unknown}
 f - 2 scrolls of recharging
 l - 2 scrolls of amnesia
 v - a scroll of fear {unknown}
Potions
 d - 3 potions of brilliance
 k - a potion of mutation {unknown}
 n - a potion of heal wounds {unknown}
 s - a potion of curing {unknown}
 u - a potion of might
Books
 b - a book of Callings

   Spells                             Type                      Level
   a - Summon Small Mammal            Summoning                    1
   b - Call Imp                       Summoning                    2
   c - Call Canine Familiar           Summoning                    3
   d - Summon Guardian Golem          Hexes/Summoning              3
   e - Summon Lightning Spire         Summoning/Air                4
   f - Summon Ice Beast               Ice/Summoning                4
Comestibles
 c - a bread ration
 j - a beef jerky
 o - a meat ration
 q - a chunk of flesh


   Skills:
 - Level 3.0 Dodging
 - Level 2.2 Stealth
 + Level 3.7 Spellcasting
 + Level 5.3 Summonings


You had 5 spell levels left.
You knew the following spells:

 Your Spells              Type           Power        Failure   Level  Hunger
a - Summon Small Mammal   Summ           ###.         1%          1    None
b - Call Imp              Summ           ###.....     1%          2    ##.....
c - Call Canine Familiar  Summ           ###.....     4%          3    ###....


Dungeon Overview and Level Annotations

Branches:
Dungeon (3/15)

Altars:
Yredelemnul

Annotations:
D:3 Grinder


Message History

You barely resist.
Your shadow imp hits Grinder but does no damage.
Grinder hits you!
You writhe in agony.
Your shadow imp hits Grinder.
Grinder gestures at you.
You shrug off the repeated paralysis!
Your shadow imp barely misses Grinder.
Grinder says, "I used to sell toenails on the black market."
Grinder hits you.
* * * LOW HITPOINT WARNING * * *
You can move again.
Your shadow imp barely misses Grinder.
Grinder blinks!
Grinder gestures at you. Pain shoots through your body!
* * * LOW HITPOINT WARNING * * *
You completely miss Grinder.
Grinder is moderately wounded.
Grinder hits you!
You die...

.......# #.......##.......
.......##########.......#####....
.......'.......<'.......# #....
....5..##########.......# #.#+#
####b### #.......# #. #h#
####....# #. #.# ###### #.
#.###################
#......$..5..@5......
#####################


You could see Grinder and a friendly shadow imp.

Vanquished Creatures
  A hound (D:3)
  2 dart slugs
  A leopard gecko (D:2)
  2 orcs
  7 giant cockroaches (D:2)
  4 goblins (D:2)
  4 hobgoblins
  2 quokkas
  A ball python (D:1)
  4 bats
  A frilled lizard (D:1)
  3 kobolds
  5 rats
37 creatures vanquished.

Vanquished Creatures (collateral kills)
  A sky beast (D:3)
  An adder (D:2)
  A worm (D:2)
  A leopard gecko (D:1)
  3 orcs
  2 bats (D:2)
  4 giant cockroaches
  3 goblins
  4 jackals (D:1)
  A kobold (D:1)
  A ball python (D:3)
  2 frilled lizards (D:1)
  2 rats
26 creatures vanquished.

Grand Total: 63 creatures vanquished

Notes
Turn   | Place    | Note
-------+----------+-------------------------------------------
     0 | D:1      | Mesmaeker13 the Merfolk Summoner began the quest for the Orb.
     0 | D:1      | Reached XP level 1. HP: 13/13 MP: 3/3
   508 | D:1      | Reached XP level 2. HP: 16/19 MP: 3/5
  1202 | D:2      | Learned a level 2 spell: Call Imp
  1487 | D:2      | Reached XP level 3. HP: 19/24 MP: 4/6
  2295 | D:2      | Reached XP level 4. HP: 30/30 MP: 6/8
  2453 | D:3      | Learned a level 3 spell: Call Canine Familiar
  2642 | D:3      | Found a faded altar of an unknown god.
  2642 | D:3      | Found a basalt altar of Yredelemnul.
  2647 | D:3      | Found a faded altar of an unknown god.
  2649 | D:3      | Found a faded altar of an unknown god.
  2651 | D:3      | Found a faded altar of an unknown god.
  2754 | D:3      | Noticed a sky beast
  2778 | D:3      | Killed a sky beast
  2778 | D:3      | Reached skill level 5 in Summonings
  2778 | D:3      | Reached XP level 5. HP: 26/35 MP: 3/10
  2855 | D:3      | Noticed Grinder
  2887 | D:3      | Paralysed by Grinder for 6 turns
  2898 | D:3      | Slain by Grinder

Skill      XL: |  1  2  3  4 |
---------------+-------------+-----
Dodging        | 3 |  3.0
Spellcasting   | 3 |  3.7
Summonings     | 5 |  5.3
Stealth        | |  2.2

Action                   |  1- 3 |  4- 6 || total
-------------------------+-------+-------++-------
Melee: Unarmed           |    12 |       ||    12
       Dagger            |   112 |       ||   112
       Short sword       |    49 |    35 ||    84
 Cast: Summon Small Mamm |    27 |     5 ||    32
       Call Imp          |     8 |     5 ||    13
       Call Canine Famil |       |     2 ||     2
  Use: Potion            |     1 |       ||     1
       Scroll            |     5 |     1 ||     6
 Stab: Distracted        |     1 |       ||     1
       Sleeping          |       |     4 ||     4
  Eat: Chunk             |     5 |     3 ||     8
Armor: Robe              |    97 |     6 ||   103
Dodge: Dodged            |   203 |    17 ||   220
